SAA
MARQUETTE MINERS @ LONG ISLAND SEAWOLVES
08/02/2031
 
TOP OF THE 1ST
Marquette Miners batting - Pitching for Long Island Seawolves : RHP Cooper Myers
Pitching: RHP Cooper Myers
Batting: RHB Sameen Shaw 0-0: Called Strike
0-1: Ball
1-1: Foul Ball, location: 2F
1-2: Foul Ball, location: 2F
1-2: Ball
2-2: Foul Ball, location: 2F
2-2: Ball
3-2: Ground out 4-3 (Groundball, 34)
Batting: RHB Mark Keys 0-0: Swinging Strike
0-1: Ball
1-1: Foul Ball, location: 2F
1-2: Fly out, F7 (Flyball, 78S)
Batting: SHB Ben Boston 0-0: Ball
1-0: Ball
2-0: Called Strike
2-1: Foul Ball, location: 2F
2-2: Ball
3-2: Base on Balls
Batting: RHB Franklin Kelley 0-0: Called Strike
0-1: Swinging Strike
0-2: Foul Ball, location: 2F
0-2: Fielders Choice at 2nd, 6-4 (Groundball, 6)
Top of the 1st over - 0 runs, 0 hits, 0 errors, 1 left on base; Marquette 0 - Long Island 0
BOTTOM OF THE 1ST
Long Island Seawolves batting - Pitching for Marquette Miners : RHP Melvin Tiburcio
Pitching: RHP Melvin Tiburcio
Batting: RHB Júlio Flores 0-0: Ball
1-0: Bunt for hit - play at first, batter safe!
Batting: RHB Max Berman 0-0: Ball
1-0: Ball
2-0: Ball
3-0: Called Strike
3-1: Fly out, F9 (Flyball, 9LM)
Batting: RHB Alfredo Escalante 0-0: Ball
1-0: Ball
2-0: Called Strike
2-1: Called Strike
2-2: SINGLE (Flyball, 78M)
Júlio Flores to second
Batting: SHB Alfredo Sánchez 0-0: Called Strike
Júlio Flores steals 3rd base
Alfredo Escalante to second
0-1: Foul Ball, location: 2F
0-2: Strikes out looking
Batting: RHB José Magana 0-0: Ball
1-0: Foul Ball, location: 2F
1-1: Ground out 6-3 (Groundball, 6)
Bottom of the 1st over - 0 runs, 2 hits, 0 errors, 2 left on base; Marquette 0 - Long Island 0
TOP OF THE 2ND
Marquette Miners batting - Pitching for Long Island Seawolves : RHP Cooper Myers
Batting: RHB Asko Riikonen 0-0: Foul Ball, location: 2F
0-1: Ball
1-1: Fly out, F8 (Flyball, 8RM)
Batting: RHB Andrew Cantrell 0-0: Called Strike
0-1: Ball
1-1: Ball
2-1: Called Strike
2-2: Foul Ball, location: 2F
2-2: Strikes out swinging
Batting: RHB Brock Dean 0-0: Ball
1-0: Called Strike
1-1: Ball
2-1: Foul Ball, location: 2F
2-2: Strikes out swinging
Top of the 2nd over - 0 runs, 0 hits, 0 errors, 0 left on base; Marquette 0 - Long Island 0
BOTTOM OF THE 2ND
Long Island Seawolves batting - Pitching for Marquette Miners : RHP Melvin Tiburcio
Batting: LHB Wilson López 0-0: Ball
1-0: Ground out U3 (Groundball, 3L)
Batting: RHB Ricardo Pulido 0-0: Called Strike
0-1: Swinging Strike
0-2: Ball
1-2: Ball
2-2: Strikes out swinging
Batting: SHB Josh Sanders 0-0: Ball
1-0: Ground out 4-3 (Groundball, 4)
Bottom of the 2nd over - 0 runs, 0 hits, 0 errors, 0 left on base; Marquette 0 - Long Island 0
TOP OF THE 3RD
Marquette Miners batting - Pitching for Long Island Seawolves : RHP Cooper Myers
Batting: RHB Alejandro Márquez 0-0: Called Strike
0-1: Swinging Strike
0-2: Foul Ball, location: 2F
0-2: Ball
1-2: Foul Ball, location: 2F
1-2: Ball
2-2: Ground out U3 (Groundball, 3)
Batting: RHB Rocky Cantrell 0-0: Called Strike
0-1: Ball
1-1: Ball
2-1: SINGLE (Groundball, 56D)
Batting: RHB Sameen Shaw 0-0: Called Strike
0-1: Ground out U3 (Groundball, 34S)
Rocky Cantrell to second
Batting: RHB Mark Keys 0-0: Ground out U3 (Groundball, 34S)
Top of the 3rd over - 0 runs, 1 hit, 0 errors, 1 left on base; Marquette 0 - Long Island 0
BOTTOM OF THE 3RD
Long Island Seawolves batting - Pitching for Marquette Miners : RHP Melvin Tiburcio
Batting: RHB Abad Lugo 0-0: Called Strike
0-1: Ball
1-1: Ground out 6-3 (Groundball, 6M)
Batting: RHB Júlio Flores 0-0: Foul Ball, location: 2F
0-1: Foul Ball, location: 2F
0-2: Strikes out looking
Batting: RHB Max Berman 0-0: Foul Ball, location: 2F
0-1: Ball
1-1: Called Strike
1-2: Ball
2-2: Ground out 4-3 (Groundball, 34)
Bottom of the 3rd over - 0 runs, 0 hits, 0 errors, 0 left on base; Marquette 0 - Long Island 0
TOP OF THE 4TH
Marquette Miners batting - Pitching for Long Island Seawolves : RHP Cooper Myers
Batting: SHB Ben Boston 0-0: Ball
1-0: Foul Ball, location: 2F
1-1: Foul Ball, location: 2F
1-2: Ball
2-2: Ball
3-2: Foul Ball, location: 2F
3-2: Fly out, F7 (Flyball, 7LSF)
Batting: RHB Franklin Kelley 0-0: Ball
1-0: SINGLE (Groundball, 6MS) (infield hit)
Batting: RHB Asko Riikonen 0-0: Ball
1-0: Ball
2-0: Swinging Strike
2-1: Foul Ball, location: 2F
2-2: Fly out, F6 (Popup, 6)
Batting: RHB Andrew Cantrell 0-0: Fly out, F4 (Popup, 34)
Top of the 4th over - 0 runs, 1 hit, 0 errors, 1 left on base; Marquette 0 - Long Island 0
BOTTOM OF THE 4TH
Long Island Seawolves batting - Pitching for Marquette Miners : RHP Melvin Tiburcio
Batting: RHB Alfredo Escalante 0-0: Ball
1-0: Called Strike
1-1: Ground out 5-3 (Groundball, 56)
Batting: SHB Alfredo Sánchez 0-0: Called Strike
0-1: Ball
1-1: Ground out 6-3 (Groundball, 6M)
Batting: RHB José Magana 0-0: Called Strike
0-1: Ball
1-1: Foul Ball, location: 2F
1-2: Ground out 5-3 (Groundball, 56)
Bottom of the 4th over - 0 runs, 0 hits, 0 errors, 0 left on base; Marquette 0 - Long Island 0
TOP OF THE 5TH
Marquette Miners batting - Pitching for Long Island Seawolves : RHP Cooper Myers
Batting: RHB Brock Dean 0-0: Called Strike
0-1: Called Strike
0-2: Strikes out swinging
Batting: RHB Alejandro Márquez 0-0: SINGLE (Groundball, 56D)
Batting: RHB Rocky Cantrell 0-0: Swinging Strike
0-1: Ball
1-1: Swinging Strike
1-2: Strikes out looking
Batting: RHB Sameen Shaw 0-0: Called Strike
0-1: Ball
1-1: Called Strike
1-2: SINGLE (Groundball, 56D)
Alejandro Márquez to second
Batting: RHB Mark Keys 0-0: Swinging Strike
0-1: Ball
1-1: 3-RUN HOME RUN (Flyball, 78XD), Distance : 364 ft
Batting: SHB Ben Boston 0-0: Ball
1-0: Swinging Strike
1-1: Swinging Strike
1-2: Ball
2-2: Strikes out swinging
Top of the 5th over - 3 runs, 3 hits, 0 errors, 0 left on base; Marquette 3 - Long Island 0
BOTTOM OF THE 5TH
Long Island Seawolves batting - Pitching for Marquette Miners : RHP Melvin Tiburcio
Batting: LHB Wilson López 0-0: Ball
1-0: Called Strike
1-1: Ball
2-1: Foul Ball, location: 2F
2-2: Ball
3-2: Ground out 5-3 (Groundball, 56S)
Batting: RHB Ricardo Pulido 0-0: Ball
1-0: Called Strike
1-1: Foul Ball, location: 2F
1-2: Strikes out swinging
Batting: SHB Josh Sanders 0-0: Ball
1-0: Ball
2-0: Called Strike
2-1: Swinging Strike
2-2: Ball
3-2: Base on Balls
Batting: RHB Abad Lugo 0-0: Ball
1-0: Swinging Strike
1-1: DOUBLE (Line Drive, 78S)
Josh Sanders to third
Runner from 3rd tries for Home, SAFE, no throw
Batting: RHB Júlio Flores 0-0: Called Strike
0-1: Called Strike
0-2: Foul Ball, location: 2F
0-2: Ball
1-2: Ball
2-2: Ball
3-2: Foul Ball, location: 2F
3-2: Base on Balls
Batting: RHB Max Berman 0-0: Called Strike
0-1: Foul Ball, location: 2F
0-2: Ball
1-2: SINGLE (Line Drive, 9S)
Abad Lugo to third
Júlio Flores to second
Runner from 3rd tries for Home, SAFE, no throw
Batting: RHB Alfredo Escalante 0-0: Ball
1-0: Ground out 1-3 (Groundball, P)
Bottom of the 5th over - 2 runs, 2 hits, 0 errors, 2 left on base; Marquette 3 - Long Island 2
TOP OF THE 6TH
Marquette Miners batting - Pitching for Long Island Seawolves : RHP Cooper Myers
Batting: RHB Franklin Kelley 0-0: Called Strike
0-1: SINGLE (Groundball, 56D)
Batting: RHB Asko Riikonen 0-0: Fielders Choice at 2nd, 6-4 (Groundball, 6M)
Batting: RHB Andrew Cantrell 0-0: SINGLE (Line Drive, 6MD)
Asko Riikonen to second
Batting: RHB Brock Dean 0-0: Ball
1-0: Ball
2-0: Fielders Choice at 2nd, 1-6 (Groundball, 13)
Asko Riikonen to third
Batting: RHB Alejandro Márquez 0-0: Swinging Strike
0-1: Foul Ball, location: 2F
0-2: Strikes out swinging
Top of the 6th over - 0 runs, 2 hits, 0 errors, 2 left on base; Marquette 3 - Long Island 2
BOTTOM OF THE 6TH
Long Island Seawolves batting - Pitching for Marquette Miners : RHP Melvin Tiburcio
Batting: SHB Alfredo Sánchez 0-0: Foul Ball, location: 2F
0-1: Foul Ball, location: 2F
0-2: Fly out, F6 (Popup, 6S)
Batting: RHB José Magana 0-0: Called Strike
0-1: Called Strike
0-2: SINGLE (Flyball, 78S)
Batting: LHB Wilson López 0-0: Grounds into double play, 4-6-3 (Groundball, 4)
Bottom of the 6th over - 0 runs, 1 hit, 0 errors, 0 left on base; Marquette 3 - Long Island 2
TOP OF THE 7TH
Marquette Miners batting - Pitching for Long Island Seawolves : RHP Cooper Myers
Batting: RHB Rocky Cantrell 0-0: Foul Ball, location: 2F
0-1: Foul Ball, location: 2F
0-2: Ball
1-2: Ball
2-2: Foul Ball, location: 2F
2-2: Ball
3-2: SINGLE (Flyball, 8LS)
Batting: RHB Sameen Shaw 0-0: Ball
1-0: Called Strike
1-1: Foul Ball, location: 2F
1-2: DOUBLE (Flyball, 9D)
Rocky Cantrell to third
Pitching: RHP Fernando Júlio
Batting: RHB Mark Keys 0-0: Ball
1-0: SINGLE (Groundball, 34D)
Rocky Cantrell scores
Sameen Shaw to third
Runner from 3rd tries for Home, SAFE, throw made home
Batting: SHB Ben Boston 0-0: Ball
1-0: Called Strike
1-1: Ball
2-1: Foul Ball, location: 2F
2-2: Fly out, F9 (Flyball, 9S)
Batting: RHB Franklin Kelley 0-0: Ball
Mark Keys steals 2nd base
1-0: SINGLE (Groundball, 56D)
Mark Keys to third
Runner from 3rd tries for Home, SAFE, throw made home
Batting: RHB Asko Riikonen 0-0: Called Strike
Franklin Kelley is caught stealing 2nd base
0-1: Ball
1-1: Ball
2-1: Ball
3-1: Foul Ball, location: 2F
3-2: Foul Ball, location: 2F
3-2: Foul Ball, location: 2F
3-2: Foul Ball, location: 2F
3-2: Base on Balls
Batting: RHB Andrew Cantrell 0-0: Called Strike
Throwing error on steal attempt, E2
Asko Riikonen to third
0-1: Foul Ball, location: 2F
0-2: Foul Ball, location: 2F
0-2: Ball
1-2: Ball
2-2: SINGLE (Flyball, 9LS)
Asko Riikonen scores
Batting: RHB Brock Dean 0-0: Ball
1-0: Fly out, F3 (Popup, 3)
Top of the 7th over - 4 runs, 5 hits, 1 error, 1 left on base; Marquette 7 - Long Island 2
BOTTOM OF THE 7TH
Long Island Seawolves batting - Pitching for Marquette Miners : RHP Melvin Tiburcio
Batting: RHB Ricardo Pulido 0-0: Called Strike
0-1: Ball
1-1: Foul Ball, location: 2F
1-2: Strikes out looking
Batting: SHB Josh Sanders 0-0: Ball
1-0: Ball
2-0: Ball
3-0: Foul Ball, location: 2F
3-1: Base on Balls
Batting: RHB Abad Lugo 0-0: Called Strike
0-1: Fielders Choice at 2nd, 6-4 (Groundball, 6D)
Batting: RHB Júlio Flores 0-0: Fielders Choice at 2nd, 6-4 (Groundball, 6)
Bottom of the 7th over - 0 runs, 0 hits, 0 errors, 1 left on base; Marquette 7 - Long Island 2
TOP OF THE 8TH
Marquette Miners batting - Pitching for Long Island Seawolves : RHP Fernando Júlio
Batting: RHB Alejandro Márquez 0-0: Called Strike
0-1: Called Strike
0-2: Strikes out swinging
Batting: RHB Rocky Cantrell 0-0: Foul Ball, location: 2F
0-1: Ground out 6-3 (Groundball, 6)
Batting: RHB Sameen Shaw 0-0: Ball
1-0: Ball
2-0: Ball
3-0: Base on Balls
Batting: RHB Mark Keys 0-0: Ball
1-0: Foul Ball, location: 2F
1-1: Foul Ball, location: 2F
1-2: Foul Ball, location: 2F
1-2: Strikes out swinging
Top of the 8th over - 0 runs, 0 hits, 0 errors, 1 left on base; Marquette 7 - Long Island 2
BOTTOM OF THE 8TH
Long Island Seawolves batting - Pitching for Marquette Miners : RHP Melvin Tiburcio
Batting: RHB Max Berman 0-0: Swinging Strike
0-1: Ball
1-1: Ball
2-1: Called Strike
2-2: Ball
3-2: Foul Ball, location: 2F
3-2: Base on Balls
Batting: RHB Alfredo Escalante 0-0: Called Strike
0-1: Called Strike
0-2: Ball
1-2: SINGLE (Line Drive, 3)
Max Berman to second
Pitching: RHP Carl Stewart
Batting: SHB Alfredo Sánchez 0-0: Ball
1-0: Ball
2-0: Foul Ball, location: 2F
2-1: Swinging Strike
2-2: Ball
3-2: Grounds into double play, 4-6-3 (Groundball, 4)
Max Berman to third
Batting: RHB José Magana 0-0: Ball
1-0: Ball
2-0: Called Strike
2-1: SINGLE (Groundball, 56D)
Max Berman scores
Batting: LHB Wilson López 0-0: Foul Ball, location: 2F
0-1: Foul Ball, location: 2F
0-2: Ball
1-2: Ball
2-2: SINGLE (Flyball, 78M)
José Magana to second
Batting: RHB Ricardo Pulido 0-0: Fly out, F6 (Popup, 6M)
Bottom of the 8th over - 1 run, 3 hits, 0 errors, 2 left on base; Marquette 7 - Long Island 3
TOP OF THE 9TH
Marquette Miners batting - Pitching for Long Island Seawolves : RHP Fernando Júlio
Pitching: RHP Vinny Mariani
Batting: SHB Ben Boston 0-0: Swinging Strike
0-1: Foul Ball, location: 2F
0-2: Ball
1-2: Strikes out swinging
Batting: RHB Franklin Kelley 0-0: SINGLE (Flyball, 9LS)
Batting: RHB Asko Riikonen 0-0: Ball
Franklin Kelley steals 2nd base
1-0: Ball
2-0: Ball
3-0: Called Strike
3-1: Called Strike
3-2: Base on Balls
Batting: RHB Andrew Cantrell 0-0: Ball
1-0: Ball
2-0: Ball
3-0: Called Strike
3-1: Base on Balls
Franklin Kelley to third
Asko Riikonen to second
Batting: RHB Brock Dean 0-0: Ball
1-0: Called Strike
1-1: Ball
2-1: Called Strike
2-2: Grounds into fielders choice 3-2 (Groundball, 3)
Asko Riikonen to third
Andrew Cantrell to second
Batting: RHB Alejandro Márquez 0-0: Ball
1-0: Fly out, F9 (Flyball, 9S)
Top of the 9th over - 0 runs, 1 hit, 0 errors, 3 left on base; Marquette 7 - Long Island 3
BOTTOM OF THE 9TH
Long Island Seawolves batting - Pitching for Marquette Miners : RHP Carl Stewart
Pitching: RHP Félix Santiago
Batting: SHB Josh Sanders 0-0: Foul Ball, location: 2F
0-1: Hit by Pitch
Batting: RHB Abad Lugo 0-0: Foul Ball, location: 2F
0-1: Ball
1-1: Ball
2-1: Foul Ball, location: 2F
2-2: Ball
3-2: Base on Balls
Josh Sanders to second
Batting: RHB Júlio Flores 0-0: Ball
1-0: Called Strike
1-1: Called Strike
1-2: Foul Ball, location: 2F
1-2: Strikes out looking
Batting: RHB Max Berman 0-0: Called Strike
0-1: SINGLE (Groundball, 34D)
Josh Sanders to third
Abad Lugo to second
Pinch Hitting: LHB Pedro Colón 0-0: Ball
1-0: Ball
2-0: Ball
3-0: Called Strike
3-1: Fly out, F5 (Popup, 25F)
Batting: SHB Alfredo Sánchez 0-0: Ball
1-0: Foul Ball, location: 2F
1-1: Swinging Strike
1-2: Strikes out swinging
Bottom of the 9th over - 0 runs, 1 hit, 0 errors, 3 left on base; Marquette 7 - Long Island 3
Tuesday, June 12th, 2018 - OOTP Baseball 18.8 Build 76